Cogmind - Beta 15 @@@ ROGUE MODE // 2025.05.14 @ 23:31:36 Player: jumpy Result: Destroyed by as-17374 with Assembled Maul Performance ------------- Evolutions (1) 500 Regions Visited (3) 600 Robots Destroyed (35) 175 Value Destroyed (649) 649 Prototype IDs (2) 40 Alien Tech Used (0) 0 Bonus (0) 0 TOTAL SCORE: 1964 Bonus ------- None Cogmind --------- Core Integrity 0/400 Matter 300/300 Energy 93/100 System Corruption 12% Temperature Cool (0) Movement Core (50) Location -9/Mines Parts ------- > --- POWER (1) -------- (None) > --- PROPULSION (3) --- (None) > --- UTILITY (3) ------ (None) > --- WEAPON (2) ------- (None) > --- INVENTORY (5) ---- Heavy Ion Engine Heavy Ion Engine Compact Wheel Advanced Beam Cannon Rocket Launcher Peak State ------------ > --- POWER ------------ Heavy Ion Engine > --- PROPULSION ------- Aluminum Leg Aluminum Leg Aluminum Leg > --- UTILITY ---------- Large Storage Unit Signal Interpreter Seismic Detector > --- WEAPON ----------- Advanced Beam Cannon Light Assault Rifle > --- INVENTORY -------- Light Ion Engine Improved Ion Engine Heavy Ion Engine Heavy Ion Engine Heavy Ion Engine Aluminum Leg Compact Wheel Compact Wheel Advanced Beam Cannon Advanced Beam Cannon [Rating: 15] Favorites ----------- Power Improved Ion Engine Engine Improved Ion Engine Propulsion Aluminum Leg Leg Aluminum Leg Wheel Compact Wheel Utility Seismic Detector Device Seismic Detector Storage Large Storage Unit Processor Signal Interpreter Weapon Small Laser Energy Gun Small Laser Energy Cannon Advanced Beam Cannon Ballistic Gun Light Assault Rifle Build | -11 -10 -9 -9 ------- Run | Yrd Mat Mat Min Slots Evolved 2 | . . 2 . Power . | . . . . Propulsion 1 | . . 1 . Utility 1 | . . 1 . Weapon . | . . . . Parts Attached 27 | 9 2 15 1 Power 5 | 2 . 3 . Engine 5 | 2 . 3 . Core . | . . . . Reactor . | . . . . Propulsion 9 | 2 . 6 1 Treads . | . . . . Leg 8 | 2 . 6 . Wheel 1 | . . . 1 Hover . | . . . . Flight . | . . . . Utility 7 | 2 2 3 . Device 3 | 1 . 2 . Storage 3 | 1 2 . . Processor 1 | . . 1 . Hackware . | . . . . Protection . | . . . . Artifact . | . . . . Weapon 6 | 3 . 3 . Energy Gun 3 | 2 . 1 . Energy Cannon 1 | . . 1 . Ballistic Gun 2 | 1 . 1 . Ballistic Cannon . | . . . . Launcher . | . . . . Special Weapon . | . . . . Impact Weapon . | . . . . Slashing Weapon . | . . . . Piercing Weapon . | . . . . Special Melee Weapon . | . . . . Unidentified Prototypes 2 | . . 2 . Parts Lost 15 | . . 6 9 Power 2 | . . 1 1 Propulsion 7 | . . 3 4 Utility 3 | . . 1 2 Weapon 3 | . . 1 2 Highest Loss Streak 9 | . . 2 9 To Critical Strikes . | . . . . Average Backups 8 | 3 7 9 7 Power 2 | . 1 2 3 Propulsion 2 | 1 2 3 2 Utility 1 | . 2 2 . Weapon 1 | . 1 1 2 Tool/Special . | . . . . Unused Backups 9 | . . 2 7 Power 3 | . . . 3 Propulsion 3 | . . 2 1 Utility . | . . . . Weapon 3 | . . . 3 Tool/Special . | . . . . Average Slot Usage (%) 97 | . 100 96 96 Engine 11 | . 14 10 10 Leg 31 | . 28 32 31 Device 13 | . 14 15 10 Storage 11 | . 14 11 11 Processor 5 | . . 4 10 Energy Gun 9 | . 28 9 . Energy Cannon 5 | . . 5 10 Ballistic Gun 6 | . . 6 10 Peak Build Rating 15 | 7 8 15 14 Average Rating 11 | 5 7 12 13 On Entrance 7 | . 7 8 14 Naked Turns 1 | . . . 1 Heaviest Build 35 | 13 28 35 34 Greatest Support 33 | 20 20 33 30 Greatest Overweight (x) 6 | . 1 1 6 Average Overweight (x) . | . . . 1 Largest Inventory Capacity 15 | 8 15 15 15 Average Capacity 13 | 7 11 15 14 Most Carried 14 | 5 10 14 8 Average Carried 8 | 3 7 9 7 Final Capacity 15 | 8 15 15 5 Final Carried 10 | 5 10 8 5 Class Distribution -------------------- 61% | Mutant 38% | Scavenger-Mutant Dominant Class ---------------- Mutant | -10/Materials Mutant | -9/Materials Scavenger-Mutant | -9/Mines Resources | -11 -10 -9 -9 ----------- Run | Yrd Mat Mat Min Matter Collected 606 | 290 . 314 2 Remotely . | . . . . Salvage Created 1036 | 136 82 818 . Parts 66 | 9 7 50 . Haulers Intercepted 2 | . . 2 . Recyclers Shooed . | . . . . Parts Field Recycled . | . . . . Retrieved Matter . | . . . . Parts Self-Destructed . | . . . . Prevented . | . . . . Kills | -11 -10 -9 -9 ------- Run | Yrd Mat Mat Min Combat Hostiles Destroyed 26 | . 4 22 . Guns 13 | . 4 9 . Cannons 13 | . . 13 . Classes Destroyed 8 | 3 2 3 . Worker 1 | 1 . . . Builder 1 | . . 1 . Tunneler 4 | 3 . 1 . Hauler 2 | . . 2 . Recycler 1 | 1 . . . Swarmer 14 | . 3 11 . Grunt 8 | . 1 7 . Sentry 4 | . . 4 . Best Kill Streak 5 | 2 4 5 . Combat Bots Only 5 | . 4 5 . Max Kills in Single Turn 2 | 1 2 1 . Gunslinging 1 | . 1 . . Exploded . | . . . . Melee . | . . . . Uniques/NPCs Destroyed . | . . . . Combat | -11 -10 -9 -9 -------- Run | Yrd Mat Mat Min Hostile Shots Fired 195 | . 6 153 36 Missed 46 | . 2 38 6 Hits 149 | . 4 115 30 Melee 26 | . . . 26 Projectile 123 | . 4 115 4 Critical Strikes 2 | . . 2 . Damage Taken 1965 | . 33 1187 745 Core 431 | . 18 146 267 Absorbed by Shields . | . . . . Core Remaining (%) 96 | 100 92 . . Volleys Fired 122 | 16 5 101 . Largest 2 | 2 2 2 . Hottest 105 | 80 80 105 . Shots Fired 229 | 32 10 187 . Gun 178 | 32 10 136 . Cannon 51 | . . 51 . Launcher . | . . . . Special . | . . . . Kinetic 62 | . . 62 . Thermal 167 | 32 10 125 . Explosive . | . . . . Electromagnetic . | . . . . Robot Hit Streak 9 | 5 5 9 . Robot Miss Streak 6 | 3 1 6 . Penetration Max . | . . . . Secondary Targets 1 | . 1 . . Max Gunslinging Chain 1 | . 1 . . Shots Hit Robots 133 | 13 8 112 . Core Hits 49 | 6 5 36 2 Critical Kills . | . . . . Critical Parts Destroyed . | . . . . Critical Strikes 1 | . . 1 . Burn 1 | . . 1 . Melee Attacks . | . . . . Impact . | . . . . Slashing . | . . . . Piercing . | . . . . Sneak Attacks . | . . . . Combat Hostiles . | . . . . Follow-up Attacks . | . . . . Damage Inflicted 1916 | 154 84 1656 22 Guns 1212 | 154 84 974 . Cannons 682 | . . 682 . Explosions . | . . . . Melee . | . . . . Ramming 22 | . . . 22 Kinetic 471 | . . 471 . Thermal 1423 | 154 84 1185 . Explosive . | . . . . Electromagnetic . | . . . . Impact . | . . . . Slashing . | . . . . Piercing . | . . . . Highest Corruption 12 | . . . 12 Average Corruption 7 | . . . 7 Corruption Purged . | . . . . Corruption Blocked . | . . . . Effects 1 | . . . 1 Matter Fused 1 | . . . 1 Overload Shots . | . . . . Overflow Damage 2 | . . 2 . Projectiles 2 | . . 2 . Explosions . | . . . . Melee . | . . . . Knockbacks . | . . . . Impact . | . . . . Kinetic . | . . . . Secondary . | . . . . Self-Inflicted Damage 2 | . . . 2 Shots . | . . . . Rammed 1 | . . . 1 Targets Rammed 9 | . . . 9 Kicked 8 | . . . 8 Crushed . | . . . . Highest Temperature 330 | 72 60 330 . Average Temperature 78 | 27 26 90 . Received Heat Transfer 344 | . 6 318 20 Effects 5 | . . 5 . Energy Bleed 1 | . . 1 . Interference 3 | . . 3 . Damage (minor) 1 | . . 1 . Siege Activations . | . . . . Martial Activations . | . . . . Shielding Activations . | . . . . Robots Disrupted . | . . . . Combat Hostiles . | . . . . Robots Corrupted . | . . . . Combat Hostiles . | . . . . Parts Fried . | . . . . Impact Corruptions . | . . . . Robots Melted . | . . . . Combat Hostiles . | . . . . Parts Melted 7 | 2 1 4 . Heat Transferred 3002 | 350 200 2452 . Parts Sabotaged . | . . . . Parts Stolen . | . . . . Parts Stripped . | . . . . Power Chain Reactions . | . . . . Alert | -11 -10 -9 -9 ------- Run | Yrd Mat Mat Min Maximum Alert Level 1 | . . 1 . Low Security (%) 91 | 100 100 82 100 Level 1 8 | . . 17 . Level 2 . | . . . . Level 3 . | . . . . Level 4 . | . . . . Level 5 . | . . . . High Security . | . . . . Max Security . | . . . . Peak Influence 275 | 5 90 275 95 Initial 95 | . . . 95 Average 59 | . 31 99 20 Influence Increases 744 | 25 100 619 . Destroy 0b10 Robot/C 520 | . 80 440 . Destroy 0b10 Robot/NC 45 | 25 . 20 . Destroy Leader 114 | . 20 94 . Destroy Structure 5 | . . 5 . Lose Combat Pursuer 60 | . . 60 . Influence Decreases 744 | 25 100 373 246 Entered New Map 151 | . . . 151 Time Decay 533 | 25 100 313 95 Lost Part 60 | . . 60 . Squads Dispatched 3 | . 1 2 . Investigation . | . . . . Extermination . | . . . . Reinforcement 3 | . 1 2 . Assault . | . . . . Garrison . | . . . . Intercept . | . . . . Searches Triggered . | . . . . Construction Impeded . | . . . . Haulers Reinforced . | . . . . Active Scanning Responses . | . . . . Cargo Convoy Interrupts . | . . . . Stealth | -11 -10 -9 -9 --------- Run | Yrd Mat Mat Min Distress Signals 5 | . . 5 . Communications Jammed . | . . . . Distress Signals . | . . . . Times Spotted 61 | . 7 36 18 Peak Tracking Total 16 | . 4 6 16 Tactical Retreats 4 | . . 3 1 Traps | -11 -10 -9 -9 ------- Run | Yrd Mat Mat Min Traps Triggered . | . . . . Indirectly . | . . . . Trap Hack Attempts . | . . . . Triggered . | . . . . Disarmed . | . . . . Reprogrammed . | . . . . Reused . | . . . . Traps Extracted . | . . . . Installed . | . . . . Triggered . | . . . . Machines | -11 -10 -9 -9 ---------- Run | Yrd Mat Mat Min Machines Disabled . | . . . . Max in Single Turn . | . . . . Machines Repaired . | . . . . Machines Dismantled . | . . . . Machines Sabotaged . | . . . . Overloaded Fab Kills . | . . . . Hacking | -11 -10 -9 -9 --------- Run | Yrd Mat Mat Min Machines Accessed . | . . . . Terminals . | . . . . Fabricators . | . . . . Repair Stations . | . . . . Recycling Units . | . . . . Scanalyzers . | . . . . Garrison Access . | . . . . Total Hacks . | . . . . Successful . | . . . . Failed . | . . . . Catastrophic . | . . . . Database Lockouts . | . . . . Manual . | . . . . Terminals . | . . . . Fabricators . | . . . . Repair Stations . | . . . . Recycling Units . | . . . . Scanalyzers . | . . . . Garrison Access . | . . . . Terminal Hacks . | . . . . Fabricator Hacks . | . . . . Repair Station Hacks . | . . . . Recycling Unit Hacks . | . . . . Scanalyzer . | . . . . Garrison Access Hacks . | . . . . Unauthorized Hacks . | . . . . Terminals . | . . . . Fabricators . | . . . . Repair Stations . | . . . . Recycling Units . | . . . . Scanalyzers . | . . . . Garrison Access . | . . . . Data Cores Recovered . | . . . . Used . | . . . . Hacking Detections . | . . . . Full Trace Events . | . . . . Feedback Events . | . . . . Feedback Blocked . | . . . . Robot Schematics Acquired . | . . . . Robots Built . | . . . . Authchips . | . . . . Time . | . . . . Total Robot Build Rating . | . . . . Part Schematics Acquired . | . . . . Parts Built . | . . . . Authchips . | . . . . Time . | . . . . Total Part Build Rating . | . . . . Parts Repaired . | . . . . Time . | . . . . Parts Recycled . | . . . . Recycled Matter . | . . . . Retrieved Matter . | . . . . Retrieved Components . | . . . . Parts Scanalyzed . | . . . . Part Schematics Acquired . | . . . . Parts Damaged . | . . . . Bothacking | -11 -10 -9 -9 ------------ Run | Yrd Mat Mat Min Used RIF Installer . | . . . . Robots Hacked . | . . . . Non-combat . | . . . . Combat . | . . . . Robot Hacks Applied . | . . . . Relay Couplers Released . | . . . . Fabnet Peak Effective % . | . . . . Robots Rewired . | . . . . Allies Hacked . | . . . . Hacks Repelled . | . . . . Allies | -11 -10 -9 -9 -------- Run | Yrd Mat Mat Min Total Allies . | . . . . Largest Group . | . . . . Highest-Rated Group . | . . . . Highest-Rated Ally . | . . . . Total Orders . | . . . . Ally Attacks . | . . . . Total Damage . | . . . . Kills . | . . . . Allies Corrupted . | . . . . Allies Melted . | . . . . Intel | -11 -10 -9 -9 ------- Run | Yrd Mat Mat Min Active Infowar (turns) 1752 | 80 298 940 434 Sensors 417 | . . 417 . Seismic 1752 | 80 298 940 434 Robot Analysis Total . | . . . . Derelict Logs Recovered 1 | . . . 1 Drone Launches . | . . . . Drone Recoveries . | . . . . Exploration | -11 -10 -9 -9 ------------- Run | Yrd Mat Mat Min Turns Passed 1886 | 176 298 940 472 Spaces Moved 764 | 96 170 377 121 Core 9 | 6 . . 3 Treads . | . . . . Legs 748 | 90 170 377 111 Wheels 7 | . . . 7 Hover . | . . . . Flight . | . . . . Fastest Speed 50 | 50 120 120 50 Average Speed 151 | 115 150 149 184 Slowest Speed 350 | 120 190 190 350 Overloaded Moves . | . . . . Propulsion Burnouts . | . . . . Robots Hopped . | . . . . Potential Cave-ins . | . . . . Cave-ins Triggered . | . . . . Exploration Rate (%) 25 | 6 34 32 30 Regions Visited 3 Branch Regions 1 Pre-discovered Areas . | . . . . Known Exits Taken 1 | . . 1 . Unknown Exits Taken 2 | 1 1 . . Scrap Searched . | . . . . Spaces Dug . | . . . . Terrain Destroyed . | . . . . Melee . | . . . . Projectile . | . . . . AOE . | . . . . Terrain Rammed . | . . . . Walls Destroyed . | . . . . Machines Disabled . | . . . . Actions | -11 -10 -9 -9 --------- Run | Yrd Mat Mat Min Total 1257 | 124 202 568 363 Wait 304 | . 23 53 228 Move 761 | 95 169 376 121 Hop . | . . . . Pick Up 18 | 4 3 10 1 Fast Attach 9 | 7 . 2 . Attach 8 | . . 7 1 Detach . | . . . . Swap 14 | 2 2 9 1 Drop 12 | . . 10 2 Fire 122 | 16 5 101 . Melee . | . . . . Ram 1 | . . . 1 Kick 8 | . . . 8 Crush . | . . . . Escape Stasis . | . . . . Rewire . | . . . . Trap . | . . . . Miscellaneous . | . . . . Route ------- -11/Scrapyard -10/Materials -9/Materials -9/Mines History --------- Turn | Location | Event 3 | -11/Scrapyard | Discovered new exit (range 16) 177 | -11/Scrapyard | Entered Materials 330 | -10/Materials | Build established: Mutant 464 | -10/Materials | Discovered new exit (range 7) 475 | -10/Materials | Entered another Materials area 475 | -9/Materials | Evolved 2 slots: Propulsion x1, Utility x1 1380 | -9/Materials | Discovered new exit (range 12) 1401 | -9/Materials | Identified exit to Mines 1415 | -9/Materials | Entered Mines 1422 | -9/Mines | Received a Rocket Launcher from a helpful Derelict 1438 | -9/Mines | Build established: Scavenger-Mutant 1797 | -9/Mines | Learned Materials security intel 1811 | -9/Mines | Assembled infested the area 1816 | -9/Mines | Assisted by a Guerilla fighting off Assembled 1869 | -9/Mines | Core integrity fell below 50% 1875 | -9/Mines | System corruption reached 10% 1887 | -9/Mines | Core integrity fell below 20% 1887 | -9/Mines | Destroyed by as-17374 with Assembled Maul Last Messages --------------- 01857_ Kicked as-95510. 01859_ Adv. Beam Cannon destroyed. 01859_ Kicked as-95510. 01861_ Kicked as-95510 out of the way. 01864_ Signal Interpreter destroyed. 01864_ System corrupted by crushing effect (+2). 01865_ Kicked as-95510. 01871_ Kicked as-95510 out of the way. 01872_ Lgt. Assault Rifle destroyed. 01874_ Acquired 2 matter. 01874_ Slammed into as-17374. 01874_ Aluminum Leg destroyed. 01874_ System corrupted by crushing effect (+5). 01874_ Aluminum Leg destroyed. 01874_ Hvy. Ion Engine destroyed. 01879_ System corrupted: Matter fused (-5). 01882_ Com. Wheel destroyed. 01882_ System corrupted by crushing effect (+1). 01882_ Knocked back. 01886_ Dropped Lrg. Storage Unit. Map ----- +----------------------------------------------------+ | ??????????????????????????????????????? | | ??????????????????????????????????????? | | ??????????????????????????????????????? | | ??????????????????????????????????????? | | ??????????????????????????????????????? | | ??????????????????????????????????????? | | ??????????????????????????????????????? | | ??????????????????????????????????????? | | ???????????????????????#??????????????? | | ??????????????????????? ##????????????? | | ??????????????????????? #????????????? | | ???????????????????????% #????????????? | | ???????????????????????# #????????????? | | ???????????????????????# #????####????? | | ???????????????????????# ###### ##???? | | ???????????????????????# %% % #???? | | ???????????????????????# #####% #???? | | ???????????????????????# #???# ##??? | | ??????????????????????## #??## ##?? | | ?????????????????????## #### #?? | | ??????????????????#### ## #?? | | ??????????????????# aa #?? | | ??????????????????#$ a]a a ## ##?? | | ??????????????????# ##*!a ##?####??? | | ??????????????????# ### aa ##????????? | | ??????###?????????# #?##@a #?????????? | | ??????# ?????????# #??# #?????????? | | ??????# #?????##### #??# #????????? | | #?##### #?????# #??# a #???????? | | ### ## #?????# #?? #???????? | | # ####### ######?? ??????? | | # #?????? ?????? | | #??????# a #????? | | ##########??????#### a ##????? | | # ##??????????????????# ##?????? | | ## ##??????????????????a #??????? | | ?# #??????????????????# ??????? | | ?# ##?????????????????? a ??????? | | ?## ##????????????????? ##?????? | | ??## ###????????????????????????? | | ???#### #????????????????????????? | | ??????## #????????????????????????? | | ???????#### #????????????????????????? | | ???????????###????????????????????????? | | ??????????????????????????????????????? | | #?????????????????????????????????????? | | #?????????????????????????????????????? | | ??????????????????????????????????????? | | ??????????????????????????????????????? | | ??????????????????????????????????????? | +----------------------------------------------------+ Best States ------------- Heat Dissipation 28 Energy Generation 14 Energy Capacity 280 Matter Stores 300 Matter Capacity 300 Sight Range 16 Robot Scan Range 14 Terrain Scan Density 10 Evasion (%) 55 Item Schematics ----------------- None Robot Schematics ------------------ None Fabricated ------------ Nothing Repaired ---------- Nothing Alien Tech Used ----------------- None Achievements -------------- None Challenges ------------ None Game ------ Seed CombatRelayFocus Manual? 0 Play Time 00:09:55 Cumulative 93.0 hours Start 2025.05.14 @ 23:22:48 End 2025.05.14 @ 23:31:36 Sessions 1 Manual Loads 0 Difficulty Rogue Special Mode None Game No. 234 Rogue 234 Adventurer 0 Explorer 0 Win Type - Total 2 Types 2/0/0/0/0/0/0/0/0/0 Lore% 42 Gallery% 47 Achievement% 39 Wizard Run 0 Options --------- Layout 0 ASCII 0 Keyboard 0 Movement Numpad Keybinds 0 Fullscreen 2 Font 18/Terminus Map View 76x50 Zoom Use 0% Tactical HUD 1 Map Filters NONE Filters NONE Steam 1 RUN: 90a0dd1f-528a-4ae3-9f58-f0f58aac8454